 Dungeon Crawl Stone Soup version 0.19-b1-4-gd8a0a2a (webtiles) character file.

527 tognito the Chopper (level 7, -2/62 HPs)
             Began as a Minotaur Berserker on Oct 30, 2016.
             Was a Believer of Trog.
             Slain by a gnoll
             ... wielding a cursed -2 spear
              (5 damage)
             ... on level 4 of the Dungeon.
             The game lasted 00:11:21 (2743 turns).

tognito the Chopper (Minotaur Berserker)            Turns: 2743, Time: 00:11:22

Health: -2/62      AC: 12    Str: 24    XL:     7   Next: 2%
Magic:  6/6        EV:  7    Int:  8    God:    Trog [**....]
Gold:   145        SH:  2    Dex:  9    Spells: 0 memorised, 6 levels left

rFire  . . .     SeeInvis .     a - +0 hand axe
rCold  . . .     Gourm    .     n - +0 plate armour
rNeg   . . .     Faith    .     p - +0 buckler
rPois  .         Spirit   .     (helmet restricted)
rElec  .         Reflect  .     m - +0 cloak
rCorr  .         Harm     .     (no gloves)
MR     .....                    (no boots)
Stlth  ..........               (no amulet)
                                j - ring of stealth
                                i - +4 ring of intelligence

@: exhausted, slowed, very slow
A: retaliatory headbutt, horns 2
a: Berserk, Trog's Hand, Burn Spellbooks, Renounce Religion


You were on level 4 of the Dungeon.
You worshipped Trog.
Trog was pleased with you.
You were very hungry.

You visited 1 branch of the dungeon, and saw 4 of its levels.

You collected 145 gold pieces.

Inventory:

Hand Weapons
 a - a +0 hand axe (weapon)
Missiles
 r - 22 bolts
Armour
 m - a +0 cloak (worn)
 n - a +0 plate armour (worn)
 p - a +0 buckler (worn)
Jewellery
 i - a +4 ring of intelligence (left hand)
 j - a ring of stealth (right hand)
Scrolls
 b - a scroll of teleportation {unknown}
 e - 2 scrolls of magic mapping {unknown}
 f - a scroll of blinking {unknown}
 g - a scroll of recharging {unknown}
 h - 3 scrolls of immolation {unknown}
 o - a scroll of enchant weapon {unknown}
 q - 2 scrolls of identify {unknown}
 s - a scroll of remove curse {unknown}
Potions
 l - 2 potions of flight
Comestibles
 c - 3 bread rations
 d - 2 beef jerkies
 k - a meat ration


   Skills:
 * Level 5.7 Fighting
 * Level 7.6 Axes
 + Level 3.4 Armour
 + Level 2.9 Dodging
 - Level 0.8 Stealth


You had 6 spell levels left.
You didn't know any spells.

Dungeon Overview and Level Annotations

Branches:
Dungeon (4/15)
 Temple: D:4-7

Altars:
Gozag


Innate Abilities, Weirdness & Mutations

You reflexively headbutt those who attack you in melee.
You have a pair of horns on your head.


Message History

The gnoll hits you.
* * * LOW HITPOINT WARNING * * *
The gnoll hits you but does no damage. x2; The gnoll barely misses you.
The gnoll hits you.
* * * LOW HITPOINT WARNING * * *
The gnoll hits you but does no damage. x3
You struggle against the net.
The gnoll barely misses you. You furiously retaliate!
You headbutt the gnoll! The gnoll hits you but does no damage.
The gnoll barely misses you. You furiously retaliate!
You headbutt the gnoll!
The gnoll hits you but does no damage. x3; The gnoll barely misses you.
The gnoll hits you but does no damage. x3
Unknown command.
Unknown command.
You shred the net and break free!
The gnoll hits you but does no damage. x2
The gnoll hits you from afar with a spear.
* * * LOW HITPOINT WARNING * * *
The gnoll hits you but does no damage.
The gnoll hits you from afar with an enchanted spear.
You die...

#######++######
.g.............
..........%....
........g......
......)ggg(.... ##gg##
######.ggg#######
.....'.g@g'.....+
#####.g..#######
##########''''#########
......................
≈≈≈≈≈≈≈≈≈≈....≈≈≈≈≈≈≈
≈≈≈≈≈≈≈≈≈≈....≈≈≈≈≈≈
≈≈≈≈≈≈≈≈≈≈....≈≈≈≈≈≈≈≈≈
......†.)..............
##...#.#####.....###..#


You could see 12 gnolls.

Vanquished Creatures
  An ogre (D:4)
  A bullfrog (D:3)
  A scorpion (D:4)
  2 gnoll shamans (D:4)
  A worker ant (D:4)
  A hound skeleton (D:3)
  10 gnolls (D:4)
  5 adders
  An ooze (D:3)
  A worm (D:2)
  2 dart slugs
  3 leopard geckos
  11 bats
  A giant cockroach (D:3)
  8 goblins
  7 hobgoblins
  12 jackals
  9 kobolds
  A ball python (D:1)
  6 frilled lizards
  9 rats
93 creatures vanquished.

Vanquished Creatures (others)
  A hobgoblin (D:1)
1 creature vanquished.

Grand Total: 94 creatures vanquished

Notes
Turn   | Place    | Note
-------+----------+-------------------------------------------
     0 | D:1      | tognito the Minotaur Berserker began the quest for the Orb.
     0 | D:1      | Reached XP level 1. HP: 19/19 MP: 0/0
    90 | D:1      | Reached XP level 2. HP: 19/27 MP: 1/1
   883 | D:1      | Reached skill level 4 in Axes
  1020 | D:2      | Reached XP level 3. HP: 33/33 MP: 2/2
  1110 | D:2      | Reached ** piety under Trog
  1786 | D:2      | Found an opulent altar of Gozag.
  2028 | D:3      | Reached XP level 4. HP: 41/41 MP: 3/3
  2089 | D:3      | Reached skill level 5 in Axes
  2108 | D:3      | Noticed a bullfrog
  2121 | D:3      | Killed a bullfrog
  2121 | D:3      | Reached XP level 5. HP: 38/47 MP: 4/4
  2152 | D:3      | Reached skill level 5 in Fighting
  2513 | D:3      | Reached skill level 6 in Axes
  2566 | D:4      | Reached XP level 6. HP: 42/56 MP: 5/5
  2725 | D:4      | Reached skill level 7 in Axes
  2737 | D:4      | Reached XP level 7. HP: 22/62 MP: 6/6
  2743 | D:4      | HP: 3/62 [gnoll/spear (4)]
  2743 | D:4      | Slain by a gnoll

Skill      XL: |  1  2  3  4  5  6 |
---------------+-------------------+-----
Fighting       | 4 5 |  5.7
Axes           | 4 5 6 7 |  7.6
Armour         | 3 |  3.4
Dodging        | |  2.9
Stealth        | |  0.8

Action                   |  1- 3 |  4- 6 |  7- 9 || total
-------------------------+-------+-------+-------++-------
Melee: Hand axe          |   101 |   106 |     1 ||   208
       Headbutt          |    12 |    15 |       ||    27
Invok: Berserk           |       |     1 |       ||     1
       Trog's Hand       |       |     1 |       ||     1
  Use: Potion            |     2 |     1 |       ||     3
 Stab: Sleeping          |     9 |       |       ||     9
  Eat: Chunk             |     3 |     3 |       ||     6
Armor: Animal skin       |    15 |       |       ||    15
       Plate armour      |    10 |    81 |    36 ||   127
Dodge: Dodged            |    45 |    49 |    12 ||   106
Block: Buckler           |     1 |     6 |       ||     7
